 Dungeon Crawl Stone Soup version 0.26.1-11-gd32895ea62 (webtiles) character file.

Game seed: 15419299418470819005

15902 doggie the Covert (level 12, 0/141 HPs)
             Began as a Gnoll Wanderer on June 15, 2021.
             Was a High Priest of Cheibriados.
             Slain by a seven-headed hydra (4 damage)
             ... on level 11 of the Dungeon.
             The game lasted 00:22:50 (13937 turns).

doggie the Covert (Gnoll Wanderer)                 Turns: 13937, Time: 00:22:51

Health: 0/141      AC: 26    Str: 28    XL:     12   Next: 31%
Magic:  24/24      EV:  2    Int: 30    God:    Cheibriados [*****.]
Gold:   2272       SH: 13    Dex: 30    Spells: 25/28 levels left

rFire    . . .     SeeInvis .   a - +0 trident (protect)
rCold    . . .     Faith    .   s - +0 buckler
rNeg     + + +     Spirit   .   (armour currently unavailable)
rPois    +         Reflect  +   (helmet currently unavailable)
rElec    .         Harm     .   (cloak currently unavailable)
rCorr    .         Rampage  .   (gloves currently unavailable)
Will     .....     NoTele   +   (boots currently unavailable)
Stlth    ++++......             h - amulet of reflection
HPRegen  0.33/turn              F - +4 ring of evasion
MPRegen  0.19/turn              k - ring of attention

@: tree-form, very slightly contaminated, studying Armour, invisible, very slow
A: distributed training, strong nose
a: Renounce Religion, Bend Time, Temporal Distortion, Slouch, Step From Time


You were on level 11 of the Dungeon.
You worshipped Cheibriados.
Cheibriados was extremely pleased with you.
You were a tree.
You visited 1 branch of the dungeon, and saw 11 of its levels.

You collected 2272 gold pieces.

Inventory:

Hand Weapons
 a - a +0 trident of protection (weapon)
 b - a +6 hunting sling of freezing
 d - a +2 whip of flaming
Missiles
 q - 3 throwing nets
 D - 61 sling bullets
 E - 3 javelins
Armour
 l - a +0 cloak (melded)
 o - a +1 pair of gloves (melded)
 s - a +0 buckler (worn)
 L - a +2 troll leather armour (melded)
Jewellery
 c - an uncursed amulet of the acrobat
 h - an amulet of reflection (around neck)
 k - a ring of attention (right branch)
 F - a +4 ring of evasion (left branch)
 H - an uncursed amulet of guardian spirit
Wands
 i - a wand of polymorph (16)
 j - a wand of iceblast (18)
 p - a wand of paralysis (20)
 y - a wand of flame (33)
 A - a wand of acid (18)
Scrolls
 e - a scroll of noise {unknown}
 f - 6 scrolls of identify
 g - 4 scrolls of remove curse
 m - 2 scrolls of immolation
 u - a scroll of magic mapping
 v - a scroll of blinking
 z - 4 scrolls of teleportation
Potions
 n - a potion of attraction
 t - a potion of lignification
 w - a potion of ambrosia
 J - a potion of cancellation {unknown}
 K - 5 potions of curing
Books
 G - a manual of Armour


   Skills:
 + Level 8.6 Fighting
 + Level 7.2 Short Blades
 + Level 7.2 Long Blades
 + Level 7.2 Axes
 + Level 7.2 Maces & Flails
 + Level 7.2 Polearms
 + Level 7.2 Staves
 + Level 7.2 Slings
 + Level 7.2 Bows
 + Level 7.2 Crossbows
 + Level 7.2 Throwing
 + Level 8.1 Armour
 + Level 7.7 Dodging
 + Level 9.4 Stealth
 + Level 7.2 Shields
 + Level 7.2 Unarmed Combat
 + Level 8.8 Spellcasting
 + Level 5.9 Conjurations
 + Level 5.9 Hexes
 + Level 5.9 Summonings
 + Level 5.9 Necromancy
 + Level 6.4 Translocations
 + Level 5.9 Transmutations
 + Level 5.9 Fire Magic
 + Level 5.9 Ice Magic
 + Level 5.9 Air Magic
 + Level 5.9 Earth Magic
 + Level 5.9 Poison Magic
 + Level 7.9 Invocations
 + Level 7.7 Evocations


You had 25 spell levels left.
You knew the following spells:

 Your Spells              Type           Power        Failure   Level
b - Inner Flame           Hex/Fire       49%          1%          3

Your spell library contained the following spells:

 Spells                   Type           Power        Failure   Level
 Foxfire                  Conj/Fire      100%         1%          1
 Magic Dart               Conj           100%         1%          1
 Searing Ray              Conj           98%          1%          2
 Confusing Touch          Hex            49%          1%          3
 Dazzling Flash           Conj/Hex       98%          1%          3
 Gell's Gravitas          Tloc           25%          1%          3
 Fulminant Prism          Conj/Hex       24%          3%          4
 Iskenderun's Mystic Bla  Conj/Tloc      50%          3%          4
 Petrify                  Tmut/Erth      49%          3%          4
 Metabolic Englaciation   Hex/Ice        24%          10%         5
 Yara's Violent Unravell  Hex/Tmut       24%          10%         5


Dungeon Overview and Level Annotations

Branches:
Dungeon (11/15)            Temple (0/1) D:4            Lair (0/6) D:8
    Orc (0/2) D:10

Altars:
Ashenzari
Cheibriados
Dithmenos
Fedhas
Kikubaaqudgha
Makhleb
Okawaru
Qazlal
Sif Muna
Uskayaw
Vehumet
Wu Jian
Xom
Beogh
Lugonu


Innate Abilities, Weirdness & Mutations

Your experience applies equally to all skills.
((You have very sharp teeth.))
Your uncanny sense of smell can sniff out nearby items.


Message History

The seven-headed hydra barely misses you.
The seven-headed hydra closely misses you.
The seven-headed hydra misses you. x2; The seven-headed hydra bites you!
* * * LOW HITPOINT WARNING * * *
You are very lightly contaminated with residual magic.
You block the seven-headed hydra's attack. x3
The seven-headed hydra misses you.
You block the seven-headed hydra's attack.
The seven-headed hydra bites you!
* * * LOW HITPOINT WARNING * * *
The seven-headed hydra completely misses you.
You see here a runed dagger.
Really quaff the potion of lignification?
You turn into a tree.
Your +0 cloak melds into your body.
Your +1 pair of gloves melds into your body.
Your +2 troll leather armour melds into your body.
Your roots penetrate the ground.
You block the seven-headed hydra's attack.
The seven-headed hydra bites you.
You die...

#........# #.....(.#
#...)....# #.......#
#.....(..# ###.).....#
#........###.).......#
#........'..)#.......#
#....)...#####.......#
######'### #.......#
#.# ##'###### #.#
#.♣Du.# ######.##
#####'### ........#
#......# ........#
#..†(..#
........#####..'......#
..............##......#
........########......#
........# #......#
........# #......#


You could see a seven-headed hydra and a white ugly thing.

Vanquished Creatures
  2 boulder beetles (D:11)
  A hydra (D:11)
  A two-headed ogre (D:11)
  An unseen horror (D:11)
  Pikel (D:9)
  An ugly thing (D:6)
  A cyclops (D:11)
  A manticore (D:11)
  Joseph (D:9)
  2 gargoyles
  Psyche (D:11)
  A komodo dragon (D:8)
  3 kobold demonologists (D:10)
  A troll (D:10)
  A hornet (D:11)
  Sigmund (D:2)
  6 yaks (D:9)
  A wyvern (D:9)
  A wraith (D:9)
  Edmund (D:4)
  2 water moccasins
  2 black bears
  9 orc warriors
  2 ice beasts
  2 necrophages
  3 sky beasts
  8 ogres
  2 phantoms
  6 centaurs
  An elf zombie (D:9)
  A gnoll sergeant (D:8)
  5 bullfrogs
  4 scorpions
  7 killer bees
  A troll zombie (D:9)
  5 wights (D:11)
  2 bullfrog zombies
  3 centaur zombies
  12 orc priests
  3 human zombies (D:9)
  Crazy Yiuf (D:2)
  4 centaur skeletons
  9 hounds
  A gnoll shaman (D:4)
  2 jellies
  11 orc wizards
  2 bullfrog skeletons
  Jessica (D:2)
  Natasha (D:3)
  2 iguanas (D:9)
  9 worker ants
  2 ogre zombies (D:9)
  A hound zombie (D:6)
  3 hound skeletons
  2 mummies (D:9)
  2 worker ant zombies
  9 adders
  11 gnolls
  A shadow imp (D:5)
  5 white imps
  An ufetubus (D:8)
  An ooze (D:5)
  3 adder zombies
  2 worms (D:3)
  6 dart slugs
  9 leopard geckos
  25 orcs
  6 bats
  11 giant cockroaches
  10 goblins
  10 hobgoblins
  16 jackals
  5 quokkas
  2 frilled lizards (D:3)
  6 kobolds
  A leopard gecko skeleton (D:5)
  An orc skeleton (D:9)
  A quokka skeleton (D:8)
  7 rats
311 creatures vanquished.

Vanquished Creatures (others)
  A demonic plant (D:10)
  135 foxfires
  11 plants
147 creatures vanquished.

Grand Total: 458 creatures vanquished

Notes
Turn   | Place    | Note
-------+----------+-------------------------------------------
     0 | D:1      | doggie the Gnoll Wanderer began the quest for the Orb.
     0 | D:1      | doggie set off with the following items: a +2 dagger, a
                  | potion of heal wounds, a potion of curing, a +0 robe; and
                  | the following spell memorised: Foxfire; and the following
                  | spells available to memorise: Inner Flame
     0 | D:1      | Reached XP level 1. HP: 20/20 MP: 6/6
    91 | D:1      | Reached XP level 2. HP: 13/26 MP: 7/7
   814 | D:1      | Reached XP level 3. HP: 31/31 MP: 9/9
   865 | D:1      | Reached skill level 5 in Spellcasting
  1218 | D:2      | Noticed Jessica
  1235 | D:2      | Killed Jessica
  1236 | D:2      | Reached skill level 1 in Short Blades
  1236 | D:2      | Reached skill level 1 in Long Blades
  1236 | D:2      | Reached skill level 1 in Axes
  1236 | D:2      | Reached skill level 1 in Maces & Flails
  1236 | D:2      | Reached skill level 1 in Polearms
  1236 | D:2      | Reached skill level 1 in Staves
  1236 | D:2      | Reached skill level 1 in Slings
  1236 | D:2      | Reached skill level 1 in Bows
  1236 | D:2      | Reached skill level 1 in Crossbows
  1236 | D:2      | Reached skill level 1 in Throwing
  1236 | D:2      | Reached skill level 1 in Armour
  1236 | D:2      | Reached skill level 6 in Stealth
  1236 | D:2      | Reached skill level 1 in Shields
  1236 | D:2      | Reached skill level 1 in Unarmed Combat
  1236 | D:2      | Reached skill level 1 in Invocations
  1282 | D:2      | Reached XP level 4. HP: 20/38 MP: 11/11
  1314 | D:2      | Found a snail-covered altar of Cheibriados.
  1330 | D:2      | Became a worshipper of Cheibriados the Contemplative
  1567 | D:2      | Noticed Sigmund
  1577 | D:2      | Killed Sigmund
  1578 | D:2      | Reached skill level 1 in Conjurations
  1578 | D:2      | Reached skill level 1 in Hexes
  1578 | D:2      | Reached skill level 1 in Summonings
  1578 | D:2      | Reached skill level 1 in Necromancy
  1578 | D:2      | Reached skill level 1 in Transmutations
  1578 | D:2      | Reached skill level 1 in Fire Magic
  1578 | D:2      | Reached skill level 1 in Ice Magic
  1578 | D:2      | Reached skill level 1 in Air Magic
  1578 | D:2      | Reached skill level 1 in Earth Magic
  1578 | D:2      | Reached skill level 1 in Poison Magic
  1578 | D:2      | Reached XP level 5. HP: 28/43 MP: 12/12
  1578 | D:2      | Reached XP level 6. HP: 32/50 MP: 13/13
  1977 | D:2      | Found a runed translucent door.
  1978 | D:2      | Noticed Crazy Yiuf
  2179 | D:2      | Killed Crazy Yiuf
  2533 | D:3      | Reached skill level 5 in Fighting
  2680 | D:3      | Found a blossoming altar of Fedhas.
  2939 | D:3      | Noticed Natasha
  2951 | D:3      | Killed Natasha
  3129 | D:3      | Reached * piety under Cheibriados
  3381 | D:4      | Noticed a phantom
  3399 | D:4      | Found a stormy altar of Qazlal.
  3446 | D:4      | Reached XP level 7. HP: 31/56 MP: 15/15
  4308 | D:4      | Found a staircase to the Ecumenical Temple.
  4699 | D:4      | Noticed Edmund
  4747 | D:4      | Killed Edmund
  4920 | D:4      | Reached ** piety under Cheibriados
  5293 | D:4      | Reached XP level 8. HP: 59/63 MP: 16/16
  5345 | D:5      | Entered Level 5 of the Dungeon
  6277 | D:5      | Reached *** piety under Cheibriados
  6278 | D:5      | Reached skill level 7 in Stealth
  6727 | D:5      | Identified a scroll of acquirement
  6727 | D:5      | Acquired 701 gold pieces
  6824 | D:6      | Found a shadowy altar of Dithmenos.
  6877 | D:6      | Reached XP level 9. HP: 62/69 MP: 18/18
  7174 | D:6      | Found a shimmering altar of Xom.
  7178 | D:6      | Found a shimmering blue altar of Sif Muna.
  7224 | D:6      | Learned a level 3 spell: Inner Flame
  7226 | D:6      | Noticed a purple ugly thing
  7464 | D:7      | Reached skill level 5 in Dodging
  7464 | D:7      | Reached skill level 5 in Evocations
  7543 | D:7      | Reached **** piety under Cheibriados
  7823 | D:7      | Found a burning altar of Makhleb.
  8051 | D:7      | Found a shimmering altar of Xom.
  8076 | D:7      | Reached skill level 5 in Invocations
  8632 | D:8      | Found a staircase to the Lair.
  8633 | D:8      | Noticed a komodo dragon
  8647 | D:8      | Killed a komodo dragon
  8648 | D:8      | Reached XP level 10. HP: 77/77 MP: 16/20
  8835 | D:8      | Reached skill level 5 in Short Blades
  8835 | D:8      | Reached skill level 5 in Long Blades
  8835 | D:8      | Reached skill level 5 in Axes
  8835 | D:8      | Reached skill level 5 in Maces & Flails
  8835 | D:8      | Reached skill level 5 in Polearms
  8835 | D:8      | Reached skill level 5 in Staves
  8835 | D:8      | Reached skill level 5 in Slings
  8835 | D:8      | Reached skill level 5 in Bows
  8835 | D:8      | Reached skill level 5 in Crossbows
  8835 | D:8      | Reached skill level 5 in Throwing
  8835 | D:8      | Reached skill level 5 in Armour
  8835 | D:8      | Reached skill level 5 in Shields
  8835 | D:8      | Reached skill level 5 in Unarmed Combat
  9178 | D:8      | Reached ***** piety under Cheibriados
  9464 | D:9      | Reached skill level 8 in Stealth
  9544 | D:9      | Found an ornate altar of the Wu Jian Council.
  9617 | D:9      | Found an iron altar of Okawaru.
  9657 | D:9      | Noticed Pikel
  9684 | D:9      | Killed Pikel
  9764 | D:9      | Reached skill level 5 in Translocations
  9876 | D:10     | Entered Level 10 of the Dungeon
 10121 | D:9      | Found a radiant altar of Vehumet.
 10263 | D:9      | Found a broken altar of Ashenzari.
 10263 | D:9      | Noticed Joseph
 10269 | D:9      | Killed Joseph
 10375 | D:9      | Reached XP level 11. HP: 75/84 MP: 22/22
 10875 | D:9      | Found an ancient bone altar of Kikubaaqudgha.
 10969 | D:9      | Reached skill level 5 in Conjurations
 10969 | D:9      | Reached skill level 5 in Hexes
 10969 | D:9      | Reached skill level 5 in Summonings
 10969 | D:9      | Reached skill level 5 in Necromancy
 10969 | D:9      | Reached skill level 5 in Transmutations
 10969 | D:9      | Reached skill level 5 in Fire Magic
 10969 | D:9      | Reached skill level 5 in Ice Magic
 10969 | D:9      | Reached skill level 5 in Air Magic
 10969 | D:9      | Reached skill level 5 in Earth Magic
 10969 | D:9      | Reached skill level 5 in Poison Magic
 11308 | D:6      | Found a hide-covered altar of Uskayaw.
 11383 | D:6      | Killed a purple ugly thing
 12093 | D:10     | Found a corrupted altar of Lugonu.
 12110 | D:10     | Noticed a sixfirhy
 12445 | D:10     | Reached ****** piety under Cheibriados
 12550 | D:10     | Found a staircase to the Orcish Mines.
 12564 | D:10     | Found a roughly hewn altar of Beogh.
 13077 | D:11     | Reached skill level 9 in Stealth
 13172 | D:11     | Noticed a boulder beetle
 13180 | D:11     | Noticed a two-headed ogre
 13206 | D:11     | Killed a boulder beetle
 13218 | D:11     | Killed a two-headed ogre
 13221 | D:11     | Killed an unseen horror
 13251 | D:11     | Noticed a manticore
 13262 | D:11     | Killed a manticore
 13263 | D:11     | Reached XP level 12. HP: 83/94 MP: 24/24
 13289 | D:11     | Noticed a boulder beetle
 13353 | D:11     | Killed a boulder beetle
 13400 | D:11     | Noticed Psyche
 13406 | D:11     | Killed Psyche
 13427 | D:11     | Acquired 781 gold pieces
 13617 | D:11     | Noticed a five-headed hydra
 13680 | D:11     | Killed a five-headed hydra
 13921 | D:11     | Noticed a seven-headed hydra
 13936 | D:11     | HP: 2/94 [seven-headed hydra (12)]
 13937 | D:11     | Slain by a seven-headed hydra

Illustrated notes

Levels and vault maps discovered:
D:1:      dpeg_arrival_another_circle, layout_basic
D:2:      layout_loops_ring, kennysheep_slug_shrine, uniq_crazy_yiuf_cottage,
          uniq_jessica, uniq_sigmund
D:3:      layout_loops_ring, fedhas_ov_isle_minmay, gup_sewer_entry_pipe,
          uniq_natasha
D:4:      corexii_shack_village, layout_loops_corners,
          nicolae_overflow_crystal_walls, minmay_temple_entry_mini_moons,
          uniq_edmund
D:5:      layout_basic, grunt_decor_clamped
D:6:      layout_gridville, nicolae_overflow_hidden_temple, minmay_manual_mail
D:7:      wad_crossroads, layout_basic, marbit_many_paths, basic_altar,
          st_stairs_12
D:8:      layout_loops_ring, david_lair_shrubbed
D:9:      layout_long_grid, lemuel_doored_altar, nzn_wu_jian_contemplation,
          lemuel_mausoleum_altar_kikubaaqudgha, lemuel_crystal_altar,
          kennysheep_okawaru_gauntlet, wad_dig_loot, uniq_joseph, uniq_pikel
D:10:     kennysheep_kobold_lugonu_temple, layout_gridville,
          minmay_orc_entry_temple_small, lemuel_old_faithful
D:11:     layout_roguey, kennysheep_generic_room_3, uniq_psyche

Skill      XL: |  1  2  3  4  5  6  7  8  9 10 11 12 |
---------------+-------------------------------------+-----
Translocations | 2 3 4 5 6 |  6.4
Spellcasting   | 5 6 7 8 |  8.8
Short Blades   | 1 2 3 4 5 6 7 |  7.2
Long Blades    | 1 2 3 4 5 6 7 |  7.2
Axes           | 1 2 3 4 5 6 7 |  7.2
Maces & Flails | 1 2 3 4 5 6 7 |  7.2
Polearms       | 1 2 3 4 5 6 7 |  7.2
Staves         | 1 2 3 4 5 6 7 |  7.2
Slings         | 1 2 3 4 5 6 7 |  7.2
Bows           | 1 2 3 4 5 6 7 |  7.2
Crossbows      | 1 2 3 4 5 6 7 |  7.2
Throwing       | 1 2 3 4 5 6 7 |  7.2
Armour         | 1 2 3 4 5 7 8 |  8.1
Stealth        | 6 7 8 9 |  9.4
Shields        | 1 2 3 4 5 6 7 |  7.2
Unarmed Combat | 1 2 3 4 5 6 7 |  7.2
Invocations    | 1 2 3 4 5 6 7 |  7.9
Dodging        | 3 4 5 6 7 |  7.7
Conjurations   | 1 2 3 4 5 |  5.9
Hexes          | 1 2 3 4 5 |  5.9
Summonings     | 1 2 3 4 5 |  5.9
Necromancy     | 1 2 3 4 5 |  5.9
Transmutations | 1 2 3 4 5 |  5.9
Fire Magic     | 1 2 3 4 5 |  5.9
Ice Magic      | 1 2 3 4 5 |  5.9
Air Magic      | 1 2 3 4 5 |  5.9
Earth Magic    | 1 2 3 4 5 |  5.9
Poison Magic   | 1 2 3 4 5 |  5.9
Evocations     | 3 4 5 6 7 |  7.7
Fighting       | 5 6 7 8 |  8.6

Action                   |  1- 3 |  4- 6 |  7- 9 | 10-12 || total
-------------------------+-------+-------+-------+-------++-------
Melee: Dagger            |    83 |    51 |     6 |       ||   140
       Bite              |    10 |    12 |    58 |   147 ||   227
       Falchion          |       |    81 |    54 |       ||   135
       Punch             |       |     1 |     2 |       ||     3
       Whip              |       |       |   341 |    38 ||   379
       Trident           |       |       |       |   625 ||   625
 Fire: Hunting sling     |       |       |       |     9 ||     9
 Cast: Foxfire           |     4 |     5 |    73 |     6 ||    88
       Inner Flame       |       |       |     2 |     3 ||     5
Invok: Bend Time         |       |       |     3 |     4 ||     7
       Slouch            |       |       |       |     2 ||     2
       Step From Time    |       |       |       |     1 ||     1
Evoke: Wand              |       |    17 |     2 |    21 ||    40
  Use: Scroll            |     2 |     5 |    10 |     9 ||    26
       Potion            |     2 |       |     3 |     3 ||     8
 Stab: Sleeping          |     9 |    10 |    17 |    40 ||    76
       Distracted        |       |     1 |       |     2 ||     3
       Paralysed         |       |       |       |    23 ||    23
Armor: Robe              |    20 |    21 |    46 |    56 ||   143
       Troll leather arm |       |       |       |    45 ||    45
Dodge: Dodged            |    69 |    79 |   187 |   379 ||   714
Block: Other             |    11 |    28 |    24 |       ||    63
       Reflection        |     1 |     1 |     9 |    15 ||    26
       Buckler           |       |       |   111 |   386 ||   497
       Rpst.: Falchion   |       |    13 |    10 |       ||    23
